 Dungeon Sprint DCSS version 0.19-a0-860-g5c370dd (webtiles) character file.

743 LORDOFBUTT the Basher (level 7, -3/64 HPs)
             Began as a Demonspawn Berserker on July 3, 2016.
             Was an Elder of Trog.
             Shot with an arrow by a centaur (14 damage)
             ... in the Dungeon (Sprint IX: "|||||||||||||||||||||||||||||").
             The game lasted 00:01:10 (771 turns).

LORDOFBUTT the Basher (Demonspawn Berserker)         Turns: 771, Time: 00:01:11

Health: -3/64      AC:  2    Str: 20    XL:     7   Next: 47%
Magic:  7/7        EV: 19    Int:  8    God:    Trog [****..]
Gold:   0          SH:  0    Dex: 15    Spells: 0 memorised, 6 levels left

rFire  . . .     SeeInvis .     o - +2 morningstar (crush)
rCold  . . .     Gourm    .     b - +0 animal skin
rNeg   . . .     Faith    .     (no shield)
rPois  .         Spirit   .     (no helmet)
rElec  .         Dismiss  .     (no cloak)
rCorr  .         Reflect  .     (no gloves)
SustAt .         Harm     .     (no boots)
MR     .....     NoTele   +     (no amulet)
Stlth  ++........               n - +3 ring of strength
                                m - +2 ring of evasion

@: not resistant to hostile enchantments, unstealthy
A: talons 2, rot immunity
a: Berserk, Trog's Hand, Brothers in Arms, Burn Spellbooks, Renounce Religion


You were in the Dungeon.
You worshipped Trog.
Trog was greatly pleased with you.
You were not hungry.

You visited 1 branch

Inventory:

Hand Weapons
 o - a +2 morningstar of crushing (weapon)
Armour
 b - a +0 animal skin (worn)
Jewellery
 m - a +2 ring of evasion (left hand)
 n - a +3 ring of strength (right hand)
Wands
 l - a wand of iceblast (7/15)
Scrolls
 i - 2 scrolls of blinking
 k - 3 scrolls of remove curse
Potions
 d - 5 potions of curing
 e - 3 potions of heal wounds
 f - a potion of haste
 g - 4 potions of magic
 h - a potion of berserk rage
 j - a potion of invisibility
Comestibles
 a - 2 chunks of flesh
 c - a bread ration


   Skills:
 + Level 9.3 Fighting
 + Level 9.9 Maces & Flails
 + Level 4.4 Armour
 + Level 7.6 Dodging
 + Level 1.4 Stealth


You had 6 spell levels left.
You didn't know any spells.

Dungeon Overview and Level Annotations

Branches:
Dungeon (1/1)

Altars:
Cheibriados
Dithmenos
Elyvilon
Fedhas
Gozag
Hepliaklqana
Kikubaaqudgha
Makhleb
Nemelex Xobeh
Okawaru
Pakellas
Qazlal
Ru
Sif Muna
Trog
Uskayaw
Vehumet
Xom
Yredelemnul
Zin
The Shining One
Beogh
Jiyva
Lugonu


Innate Abilities, Weirdness & Mutations

You have razor-sharp toenails.
You are immune to rotting.


Message History

The hound dies!
Trog accepts your kill.
The giant cockroach zombie waves its antennae.
You swap places.
The giant cockroach zombie bites you.
* * * LOW HITPOINT WARNING * * *
There is an open door, spattered with blood here.
You see here a large rock.
You swap places.
Your two-headed ogre barely misses the giant cockroach zombie. x2
The giant cockroach zombie bites your two-headed ogre.
Your two-headed ogre hits the giant cockroach zombie with a giant spiked club!!!
The giant cockroach zombie is destroyed!
The centaur wields a shortbow.
The centaur shoots an arrow.
The arrow barely misses your two-headed ogre.
The arrow closely misses you.
The centaur shoots an arrow.
The arrow hits your two-headed ogre!
Your two-headed ogre dies!
Your two-headed ogre's corpse disappears in a puff of smoke!
The centaur shoots an arrow.
The arrow hits you!
You die... ▓▓▓▓▓▓▓▓▓▓▓▓▓▓▓▓▓▓▓▓▓▓▓▓▓ '.?|)[[[..).(...@(§c5c..+ ▓▓▓▓▓▓▓▓▓▓▓▓▓▓▓▓▓▓▓▓▓▓▓▓▓

You could see 2 centaurs and a quasit.

Vanquished Creatures
  An ice beast (D)
  An ogre (D)
  A big kobold (D)
  2 giant frogs (D)
  A killer bee (D)
  2 hounds (D)
  An adder zombie (D)
  A dart slug (D)
  A bat skeleton (D)
  A bat zombie (D)
  A goblin (D)
  2 hobgoblins (D)
  A kobold (D)
16 creatures vanquished.

Vanquished Creatures (collateral kills)
  A cyclops (D)
  A hound (D)
  A giant cockroach zombie (D)
3 creatures vanquished.

Grand Total: 19 creatures vanquished

Notes
Turn   | Place    | Note
-------+----------+-------------------------------------------
     0 | D        | LORDOFBUTT the Demonspawn Berserker began the quest for the Orb.
     0 | D        | Reached XP level 1. HP: 18/18 MP: 1/1
    13 | D        | Reached ** piety under Trog
   265 | D        | Noticed a hound
   265 | D        | Noticed a hound
   265 | D        | Noticed an ice beast
   270 | D        | Killed a hound
   270 | D        | Reached *** piety under Trog
   270 | D        | Gained mutation: You have sharp toenails. [demonic ancestry]
   270 | D        | Reached XP level 2. HP: 26/26 MP: 2/2
   270 | D        | Reached XP level 3. HP: 32/32 MP: 3/3
   277 | D        | Reached skill level 5 in Fighting
   277 | D        | Reached skill level 5 in Maces & Flails
   283 | D        | Killed an ice beast
   283 | D        | Reached skill level 1 in Stealth
   283 | D        | Reached XP level 4. HP: 6/41 MP: 4/4
   283 | D        | Gained mutation: You are immune to rotting. [demonic ancestry]
   283 | D        | Reached XP level 5. HP: 7/47 MP: 5/5
   550 | D        | Found a glowing silver altar of Zin.
   550 | D        | Found a glowing golden altar of the Shining One.
   550 | D        | Found an ancient bone altar of Kikubaaqudgha.
   550 | D        | Found a basalt altar of Yredelemnul.
   550 | D        | Found a shimmering altar of Xom.
   550 | D        | Found a radiant altar of Vehumet.
   551 | D        | Found an iron altar of Okawaru.
   552 | D        | Found a burning altar of Makhleb.
   553 | D        | Found a deep blue altar of Sif Muna.
   554 | D        | Found a bloodstained altar of Trog.
   555 | D        | Found a sparkling altar of Nemelex Xobeh.
   556 | D        | Found a white marble altar of Elyvilon.
   557 | D        | Found a roughly hewn altar of Beogh.
   558 | D        | Found a viscous altar of Jiyva.
   559 | D        | Found a corrupted altar of Lugonu.
   560 | D        | Found a blossoming altar of Fedhas.
   561 | D        | Found a snail-covered altar of Cheibriados.
   562 | D        | Found a shadowy altar of Dithmenos.
   563 | D        | Found a stormy altar of Qazlal.
   564 | D        | Found an opulent altar of Gozag.
   565 | D        | Found a sacrificial altar of Ru.
   566 | D        | Found an oddly glowing altar of Pakellas.
   567 | D        | Found a hide-covered altar of Uskayaw.
   568 | D        | Found a hazy altar of Hepliaklqana.
   607 | D        | Noticed an ogre
   611 | D        | Reached **** piety under Trog
   611 | D        | Reached skill level 5 in Dodging
   613 | D        | Gained mutation: You have razor-sharp toenails. [demonic ancestry]
   613 | D        | Reached XP level 6. HP: 55/55 MP: 6/6
   621 | D        | Reached ***** piety under Trog
   754 | D        | Noticed a cyclops
   763 | D        | Killed a cyclops
   763 | D        | Reached XP level 7. HP: 11/64 MP: 7/7
   771 | D        | Shot with an arrow by a centaur

Vault maps used:
D:        linesprint

Skill      XL: |  1  2  3  4  5  6 |
---------------+-------------------+-----
Maces & Flails | 4 6 8 9 |  9.9
Armour         | 2 3 4 |  4.4
Dodging        | 2 4 5 7 |  7.6
Fighting       | 4 6 7 9 |  9.3
Stealth        | 1 |  1.4

Action                   |  1- 3 |  4- 6 |  7- 9 || total
-------------------------+-------+-------+-------++-------
Melee: Mace              |    40 |     2 |       ||    42
       Kick              |     3 |     9 |       ||    12
       Morningstar       |       |    18 |       ||    18
Invok: Berserk           |     1 |     1 |       ||     2
       Brothers in Arms  |       |     1 |       ||     1
  Eat: Chunk             |       |     2 |       ||     2
Armor: Animal skin       |       |     1 |       ||     1
Dodge: Dodged            |    26 |    14 |     2 ||    42
